 Dungeon Crawl Stone Soup version 0.30.1-11-g7821555f0a (webtiles) character file.

Game seed: 13065536443624289805

25 lonewolfV2 the Trooper (level 2, 0/27 HPs)
             Began as a Minotaur Fighter on Nov 5, 2023.
             Slain by a gnoll
             ... wielding a +0 halberd
              (12 damage)
             ... on level 2 of the Dungeon.
             The game lasted 00:01:27 (924 turns).

lonewolfV2 the Trooper (Minotaur Fighter)            Turns: 924, Time: 00:01:27

Health: 0/27       AC:  6    Str: 20    XL:     2   Next: 82%
Magic:  1/1        EV: 10    Int:  5    God:
Gold:   40         SH:  4    Dex:  9    Spells: 1/1 levels left

rFire   . . .        a - +0 war axe
rCold   . . .        c - +0 buckler
rNeg    . . .        b - +0 scale mail
rPois   .            (helmet restricted)
rElec   .            (no cloak)
rCorr   .            (no gloves)
SInv    .            (no boots)
Will    .....        (no amulet) Stlth
                     (no ring)
HPRegen 0.24/turn    (no ring)
MPRegen 0.07/turn

%: no passive effects
@: no status effects
A: horns 2, retaliatory headbutt
a: no special abilities


You were on level 2 of the Dungeon.
You visited 1 branch of the dungeon, and saw 2 of its levels.

You collected 40 gold pieces.

Inventory:

Hand Weapons
 a - a +0 war axe (weapon)
Armour
 b - a +0 scale mail (worn)
 c - a +0 buckler (worn)
Jewellery
 f - a ring of willpower
Scrolls
 e - a scroll of identify
 h - 3 scrolls of teleportation
 i - a scroll of enchant armour {unknown}
Potions
 d - a potion of might
 g - a potion of invisibility
 j - a potion of mutation {unknown}


   Skills:
 + Level 4.1 Fighting
 - Level 2.4 Axes
 - Level 3.6 Armour
 * Level 2.2 Dodging
 - Level 3.6 Shields


You had one spell level left.
You didn't know any spells.
Your spell library contained the following spells:

 Spells                   Type           Power      Damage    Failure   Level
 Tukima's Dance           Hex            0%         N/A       99%         3
 Passage of Golubria      Tloc           0%         N/A       100%        4
 Yara's Violent Unravell  Hex/Tmut       0%         3d3       100%        5


Dungeon Overview and Level Annotations

Branches:
Dungeon (2/15)

Altars:
Sif Muna


Innate Abilities, Weirdness & Mutations

You have a pair of horns on your head.
You reflexively headbutt those who attack you in melee.


Message History

The endoplasm hits you but does no damage.
You hit the endoplasm.
You kill the endoplasm!
Key pressed, stopping explore.
You see here a +0 dagger.
You pick up Great Wizards, Vol.
VII and begin reading...
You add the spells Tukima's Dance, Passage of Golubria and Yara's Violent Unravelling to your library.
Found a stone staircase leading down.
i - a scroll labelled WULOAL ONEAL You now have 29 gold pieces (gained 9).
You now have 40 gold pieces (gained 11).
An endoplasm comes into view.
An endoplasm is nearby!
An endoplasm is nearby!
A gnoll comes into view. It is wielding a +0 halberd.
Found a stone staircase leading down.
You hit the endoplasm. Your headbutt misses the endoplasm.
The endoplasm is moderately wounded.
The endoplasm freezes you.
You are frozen.
The gnoll hits you from afar with a +0 halberd.
The endoplasm hits you but does no damage.
The gnoll barely misses you.
You hit the endoplasm.
The endoplasm is heavily wounded.
The endoplasm closely misses you. The gnoll barely misses you.
You barely miss the endoplasm.
The endoplasm is heavily wounded.
The endoplasm hits you but does no damage.
The gnoll closely misses you.
The gnoll hits you from afar with a +0 halberd!
The endoplasm closely misses you.
You slash the endoplasm!
You kill the endoplasm!
The gnoll closely misses you. 3 gnolls come into view.
A gnoll is wielding a +1 halberd of venom.
The gnoll shouts! x3
The gnoll hits you with a +0 halberd!
You die...

#.....g..#
####........#
............
...........
..........
.........
....gg.g#
#@#######
+.$.>....
#.##.#### #.#
# #.# #.#
#.##+#####
#.........
#.........


You could see 4 gnolls.

Vanquished Creatures
  2 bats (D:1)
  3 endoplasms
  3 goblins
  3 hobgoblins (D:1)
  3 jackals (D:1)
  2 quokkas (D:1)
  2 ball pythons (D:1)
  2 rats (D:1)
20 creatures vanquished.

Notes
Turn   | Place    | Note
-------+----------+-------------------------------------------
     0 | D:1      | lonewolfV2 the Minotaur Fighter began the quest for the
                  | Orb.
     0 | D:1      | Reached XP level 1. HP: 19/19 MP: 0/0
    80 | D:1      | Reached skill level 1 in Dodging
   103 | D:1      | Reached XP level 2. HP: 27/27 MP: 1/1
   201 | D:1      | Found a faded altar of an unknown god.
   414 | D:1      | Prayed at the altar of an unknown god.
   414 | D:1      | Became a worshipper of Sif Muna the Loreminder
   414 | D:1      | Reached * piety under Sif Muna
   418 | D:1      | Fell from the grace of Sif Muna
   489 | D:1      | Reached skill level 4 in Fighting
   924 | D:2      | Slain by a gnoll

Illustrated notes

Levels and vault maps discovered:
D:1:      sevenhm_arrival_forest_fort_large_2, layout_loops_ring,
          hellmonk_ecumenical_altar_inner_sanctum
D:2:      minmay_general_purpose_star, layout_basic, basic_altar,
          minmay_tiny_reverse_x

Skill      XL: |  1  2 |
---------------+-------+-----
Dodging        | 1 2 |  2.2
Fighting       | 4 |  4.1
Axes           | |  2.4
Armour         | |  3.6
Shields        | |  3.6

Action                     || total
---------------------------++-------
  Melee: War axe           ||    36
         Headbutt          ||     5
 Invoke: Renounce Religion ||     1
    Use: Scroll            ||     3
 Armour: Scale mail        ||    23
  Dodge: Dodged            ||    23
  Block: Buckler           ||     9
